Map: Glittering Ashes LE

Players

BadGateway

  • Race: Protoss Protoss
  • League: Diamond

BruceLee - Winner!

  • Race: Protoss Protoss
  • League: Diamond

VOD

Have the link to the VOD?

Description

Time

  • Played on: April 28, 2022, 9:42 a.m.
  • Length: 8:15
Show
View Real Time Build Order
Export as new Build Order

BadGateway Protoss 

Build Orders:  

Get SALT Encoding   

  12  0:01  Probe  
  13  0:13  Probe  
  14  0:17  Pylon  
  14  0:25  Probe (Chrono Boost)  
  15  0:37  Probe (Chrono Boost)  
  15  0:39  Gateway  
  16  0:44  Probe (Chrono Boost)  
  16  0:46  Assimilator  
  17  0:51  Probe  
  17  0:55  Assimilator  
  18  1:03  Probe  
  19  1:11  Gateway  
  19  1:15  Probe  
  20  1:27  Probe  
  20  1:28  Cybernetics Core  
  22  1:40  Probe  
  22  1:41  Pylon  
  22  1:52  Probe  
  23  2:01  Stalker (Chrono Boost)  
  23  2:02  Stalker (Chrono Boost)  
  23  2:04  Probe  
  28  2:08  Warp Gate  
  28  2:16  Pylon, Probe  
  29  2:27  Sentry  
  31  2:34  Probe  
  31  2:49  Shield Battery  
  31  2:50  Sentry  
  33  2:58  Nexus  
  33  3:01  Probe  
  33  3:05  Sentry  
  36  3:13  Probe  
  36  3:15  Pylon  
  37  3:24  Gateway  
  37  3:29  Robotics Facility  
  37  3:41  Probe  
  38  3:44  Twilight Council  
  38  3:56  Probe  
  39  4:09  Probe (Chrono Boost)  
  40  4:15  Stalker x2  
  40  4:16  Probe (Chrono Boost)  
  45  4:21  Probe (Chrono Boost)  
  45  4:22  Observer  
  47  4:26  Probe (Chrono Boost)  
  47  4:28  Probe (Chrono Boost)  
  49  4:31  Charge, Probe (Chrono Boost)  
  50  4:39  Probe  
  50  4:44  Probe  
  52  4:46  Assimilator  
  52  4:47  Observer  
  52  4:48  Pylon  
  52  4:51  Assimilator, Probe  
  36  5:22  Stalker  
  37  5:35  Probe x2  
  38  5:47  Probe x2 (Chrono Boost)  
  40  5:53  Pylon  
  40  5:59  Probe x2 (Chrono Boost)  
  42  6:05  Probe x2 (Chrono Boost)  
  44  6:13  Probe  
  44  6:14  Probe  
  44  6:16  Immortal  
  50  6:19  Zealot  
  52  6:26  Forge  
  52  6:27  Probe x2 (Chrono Boost)  
  54  6:36  Pylon  
  54  6:38  Probe x2 (Chrono Boost)  
  56  6:44  Probe  
  56  6:45  Probe  
  58  6:56  Probe  
  58  6:57  Warp Prism, Probe  
  58  7:00  Zealot  
  64  7:06  Photon Cannon  
  64  7:07  Shield Battery  
  64  7:08  Probe  
  65  7:17  Photon Cannon  
  65  7:18  Shield Battery, Probe  
  66  7:34  Gateway  
  66  7:37  Gateway  
  66  7:45  Gateway, Zealot x3  
  53  8:07  Zealot x3  
Show
View Real Time Build Order
Export as new Build Order

BruceLee Protoss - Winner!

Build Orders: Zealot Archon, Archon Drop, Dark Templar Rush 

Get SALT Encoding   

  12  0:02  Probe  
  13  0:14  Probe (Chrono Boost)  
  14  0:19  Pylon  
  15  0:29  Probe (Chrono Boost)  
  15  0:35  Probe (Chrono Boost)  
  15  0:38  Gateway  
  16  0:48  Probe  
  17  1:00  Probe (Chrono Boost)  
  17  1:02  Assimilator  
  18  1:04  Assimilator  
  18  1:08  Pylon  
  19  1:12  Probe (Chrono Boost)  
  19  1:19  Probe (Chrono Boost)  
  19  1:20  Gateway  
  20  1:29  Cybernetics Core  
  21  1:32  Probe  
  21  1:45  Probe  
  22  1:57  Probe  
  23  2:03  Pylon  
  23  2:05  Warp Gate  
  23  2:08  Stalker  
  23  2:10  Stalker  
  23  2:14  Probe  
  28  2:26  Probe  
  29  2:33  Pylon  
  29  2:38  Stalker (Chrono Boost)  
  31  2:48  Twilight Council  
  31  2:50  Robotics Facility  
  31  2:54  Probe  
  32  3:05  Stalker (Chrono Boost)  
  32  3:11  Stalker (Chrono Boost)  
  36  3:17  Probe  
  36  3:29  Probe  
  36  3:32  Dark Shrine  
  37  3:35  Warp Prism (Chrono Boost)  
  39  3:43  Probe  
  40  4:05  Nexus  
  40  4:22  Probe  
  40  4:24  Pylon  
  41  4:25  Observer (Chrono Boost)  
  42  4:34  Probe  
  42  4:37  Immortal (Chrono Boost)  
  43  4:39  Pylon  
  47  4:57  Dark Templar x2  
  47  5:33  Immortal  
  47  5:35  Probe (Chrono Boost)  
  49  5:43  Probe (Chrono Boost)  
  49  5:46  Probe (Chrono Boost)  
  50  5:50  Assimilator  
  50  5:52  Zealot, Dark Templar  
  50  5:55  Probe  
  55  5:58  Charge  
  55  6:03  Gateway  
  55  6:05  Gateway  
  55  6:06  Probe  
  55  6:07  Gateway, Probe  
  55  6:09  Archon  
  57  6:13  Assimilator  
  57  6:18  Dark Templar, Probe (Chrono Boost)  
  60  6:22  Archon  
  60  6:23  Probe (Chrono Boost)  
  61  6:30  Zealot, Probe (Chrono Boost)  
  65  6:34  Probe x2 (Chrono Boost)  
  65  6:37  Pylon  
  66  6:43  Probe  
  67  6:48  Probe  
  68  6:54  Gateway  
  68  6:56  Gateway  
  68  6:59  Pylon  
  68  7:01  Pylon, Probe  
  68  7:03  Probe  
  70  7:09  Pylon  
  70  7:13  Dark Templar x3  
  76  7:16  Sentry  
  76  7:17  Archon  
  76  7:18  Zealot  
  80  7:25  Shield Battery  
  80  7:28  Probe  
  80  7:29  Probe  
  82  7:39  Zealot x2  
  82  7:40  Zealot  
  82  8:07  Zealot, Dark Templar  
  82  8:08  Zealot x5  
Tags
 
Add a new tag
Caveats
  • Supply blocks, unpowered buildings, or Contaminate may cause inaccurate times.
  • Supply counts are checked every 10 seconds.